[ AOE2 MATCH · #513856993 ]
UnrankedCiv #60 vs Civ #60
Player's team · LOSS
Rival team · WIN
[ REPLAY ANALYSIS · EXTRACTED FROM THE RECORDED GAME ]
Feudal
11:13
Castle
26:34
Imperial
—
| APM avg | 65.7 |
| APM peak | 114 |
| eAPM avg | 28.6 |
| Villagers / military | 139 / 75 |
Focus
⚔️ 49.1% · 🌾 50.9%
Unknown (2705) ×40 · Archer ×35 · Skirmisher ×15 · Militia ×10 · Knight ×7 · Mangonel ×6
Feudal
9:15
Castle
25:38
Imperial
—
| APM avg | 74.1 |
| APM peak | 111 |
| eAPM avg | 36.3 |
| Villagers / military | 185 / 86 |
Focus
⚔️ 54.7% · 🌾 45.3%
Unknown (2705) ×82 · Skirmisher ×50 · Monk ×13 · Archer ×8 · Militia ×5 · Spearman ×5
Match map
Initial resources + every placement click. Lines = walls · curves = elevation contours. ◆ gold · ⬟ stone · ● berries · ✦ relic · ◌ wall gap
Your base· Open — unwalled flank
OS+ | NeoZz's base· Open — 5t gap
Smoothed initial terrain · ◌ = detected wall gap · hover for details
Inputs per minute
— DS_Biry - - OS+ | NeoZz
Build order — DS_Biry
First 150 of 425 actions detected
| 0:01 | queue | Villager (Male) |
| 0:01 | queue | Villager (Male) |
| 0:01 | queue | Villager (Male) |
| 0:01 | queue | Villager (Male) |
| 0:02 | queue | Villager (Male) |
| 0:03 | Build | House |
| 0:04 | Build | House |
| 1:32 | queue | Villager (Male) |
| 1:32 | queue | Villager (Male) |
| 1:58 | queue | Villager (Male) |
| 1:58 | queue | Villager (Male) |
| 2:24 | queue | Villager (Male) |
| 2:25 | queue | Villager (Male) |
| 2:42 | Build | House |
| 2:47 | Build | Palisade Wall |
| 2:48 | Build | Palisade Wall |
| 2:49 | Build | Palisade Wall |
| 2:54 | queue | Villager (Male) |
| 2:54 | queue | Villager (Male) |
| 3:09 | queue | Villager (Male) |
| 3:22 | Build | Barracks |
| 3:41 | queue | Villager (Male) |
| 4:04 | queue | Villager (Male) |
| 4:14 | queue | Militia |
| 4:30 | queue | Villager (Male) |
| 4:43 | queue | Militia |
| 4:43 | queue | Militia |
| 4:45 | Build | House |
| 4:51 | Build | House |
| 4:58 | queue | Villager (Male) |
| 5:01 | queue | Militia |
| 5:01 | queue | Militia |
| 5:42 | queue | Villager (Male) |
| 5:53 | Build | Lumber Camp |
| 6:00 | queue | Villager (Male) |
| 6:06 | Research | Loom |
| 6:20 | Build | Palisade Wall |
| 6:31 | Build | Palisade Wall |
| 6:31 | Build | Palisade Wall |
| 6:32 | Build | Palisade Wall |
| 6:32 | Build | Palisade Wall |
| 6:32 | Build | Palisade Wall |
| 6:32 | Build | Palisade Wall |
| 6:33 | Build | Palisade Wall |
| 6:33 | Build | Palisade Wall |
| 6:33 | Build | Palisade Wall |
| 6:34 | Build | Palisade Wall |
| 6:52 | Build | House |
| 7:02 | queue | Villager (Male) |
| 7:25 | queue | Villager (Male) |
| 7:41 | Build | Mill |
| 7:45 | queue | Villager (Male) |
| 8:13 | Build | Palisade Wall |
| 8:13 | Build | Palisade Wall |
| 8:15 | queue | Villager (Male) |
| 8:18 | Build | Palisade Wall |
| 8:18 | Build | Palisade Wall |
| 8:19 | Build | Palisade Wall |
| 8:19 | Build | Palisade Wall |
| 8:19 | Build | Palisade Wall |
| 8:20 | Build | Palisade Wall |
| 8:20 | Build | Palisade Wall |
| 8:20 | Build | Palisade Wall |
| 8:20 | Build | Palisade Wall |
| 9:03 | Research | Feudal Age |
| 9:03 | Research | Feudal Age |
| 9:08 | Build | Mining Camp |
| 9:23 | queue | Militia |
| 9:23 | queue | Militia |
| 9:33 | Build | Palisade Wall |
| 9:45 | Build | Palisade Wall |
| 9:46 | Build | Palisade Wall |
| 9:53 | queue | Militia |
| 9:57 | Build | House |
| 10:06 | Build | Palisade Wall |
| 10:07 | Build | Palisade Wall |
| 10:09 | Build | Palisade Wall |
| 10:11 | Build | Palisade Wall |
| 10:12 | Build | Palisade Wall |
| 10:15 | queue | Militia |
| 10:20 | Build | Palisade Wall |
| 10:21 | Build | Palisade Wall |
| 10:22 | Build | Palisade Wall |
| 10:23 | Build | Palisade Wall |
| 10:35 | queue | Militia |
| 10:41 | Build | Palisade Wall |
| 10:48 | Build | Farm |
| 11:01 | queue | Villager (Male) |
| 11:13 | Age | Feudal Age |
| 11:15 | Research | Man-at-Arms (upgrade) |
| 11:19 | Build | Watch Tower |
| 11:22 | Build | Archery Range |
| 11:32 | queue | Villager (Male) |
| 11:50 | queue | Villager (Male) |
| 11:52 | Build | Farm |
| 11:56 | Build | House |
| 12:07 | queue | Archer |
| 12:07 | queue | Archer |
| 12:15 | Build | Palisade Wall |
| 12:21 | queue | Villager (Male) |
| 12:33 | queue | Archer |
| 12:33 | queue | Archer |
| 12:55 | Build | Farm |
| 12:58 | Build | Palisade Wall |
| 12:59 | Build | Palisade Wall |
| 12:59 | Build | Palisade Wall |
| 13:00 | Build | Palisade Wall |
| 13:04 | queue | Villager (Male) |
| 13:05 | queue | Villager (Male) |
| 13:05 | queue | Villager (Male) |
| 13:17 | queue | Archer |
| 13:18 | queue | Archer |
| 13:25 | Build | House |
| 13:32 | Build | Farm |
| 13:48 | queue | Villager (Male) |
| 13:48 | queue | Villager (Male) |
| 14:02 | queue | Villager (Male) |
| 14:02 | queue | Villager (Male) |
| 14:06 | queue | Archer |
| 14:29 | queue | Archer |
| 14:30 | queue | Villager (Male) |
| 14:30 | queue | Villager (Male) |
| 14:34 | Build | Farm |
| 14:35 | Build | Farm |
| 14:49 | queue | Villager (Male) |
| 15:10 | queue | Villager (Male) |
| 15:18 | Research | Double-Bit Axe |
| 15:20 | Build | Farm |
| 15:30 | queue | Villager (Male) |
| 15:40 | queue | Archer |
| 15:46 | queue | Villager (Male) |
| 15:46 | queue | Villager (Male) |
| 15:46 | queue | Villager (Male) |
| 15:54 | queue | Skirmisher |
| 15:55 | queue | Villager (Male) |
| 15:56 | queue | Villager (Male) |
| 16:06 | Build | House |
| 16:22 | queue | Villager (Male) |
| 16:39 | Build | Blacksmith |
| 16:47 | queue | Villager (Male) |
| 16:50 | Build | Palisade Wall |
| 16:58 | queue | Skirmisher |
| 16:58 | queue | Villager (Male) |
| 17:04 | Build | House |
| 17:07 | queue | Skirmisher |
| 17:16 | Research | Padded Archer Armor |
| 17:16 | Research | Padded Archer Armor |
| 17:31 | queue | Skirmisher |
| 17:43 | queue | Villager (Male) |
| 17:44 | queue | Skirmisher |
Build order — OS+ | NeoZz
First 150 of 531 actions detected
| 0:00 | queue | Villager (Male) |
| 0:00 | queue | Villager (Male) |
| 0:02 | Build | House |
| 0:03 | Build | House |
| 0:09 | queue | Villager (Male) |
| 0:09 | queue | Villager (Male) |
| 1:23 | queue | Villager (Male) |
| 1:56 | queue | Villager (Male) |
| 1:56 | queue | Villager (Male) |
| 2:26 | queue | Villager (Male) |
| 2:26 | queue | Villager (Male) |
| 3:03 | Build | Lumber Camp |
| 3:04 | queue | Villager (Male) |
| 3:30 | queue | Villager (Male) |
| 3:30 | queue | Villager (Male) |
| 3:50 | Build | House |
| 3:53 | queue | Villager (Male) |
| 4:11 | queue | Villager (Male) |
| 4:11 | queue | Villager (Male) |
| 4:13 | queue | Villager (Male) |
| 4:13 | queue | Villager (Male) |
| 4:36 | queue | Villager (Male) |
| 4:44 | Build | Palisade Wall |
| 4:59 | queue | Villager (Male) |
| 5:00 | queue | Villager (Male) |
| 5:02 | queue | Villager (Male) |
| 5:04 | Build | Palisade Wall |
| 5:05 | Build | Palisade Wall |
| 5:05 | Build | Palisade Wall |
| 5:09 | queue | Villager (Male) |
| 5:28 | Build | Palisade Wall |
| 5:28 | Build | Palisade Wall |
| 5:29 | Build | Palisade Wall |
| 5:54 | Build | Barracks |
| 5:55 | Research | Loom |
| 5:58 | Build | Palisade Wall |
| 5:59 | Build | Palisade Wall |
| 5:59 | Build | Palisade Wall |
| 6:38 | Build | House |
| 6:50 | Research | Feudal Age |
| 6:50 | Research | Feudal Age |
| 7:06 | queue | Militia |
| 7:17 | queue | Militia |
| 7:36 | Build | Mining Camp |
| 8:00 | queue | Militia |
| 8:01 | queue | Militia |
| 8:13 | Build | House |
| 8:28 | queue | Villager (Male) |
| 9:05 | queue | Villager (Male) |
| 9:15 | Age | Feudal Age |
| 9:19 | Research | Man-at-Arms (upgrade) |
| 9:24 | Build | Mill |
| 9:31 | queue | Militia |
| 10:00 | Build | Mill |
| 10:05 | queue | Villager (Male) |
| 10:05 | queue | Villager (Male) |
| 10:24 | Build | Archery Range |
| 10:27 | queue | Villager (Male) |
| 10:28 | queue | Villager (Male) |
| 10:28 | queue | Villager (Male) |
| 10:30 | Build | Farm |
| 10:30 | queue | Villager (Male) |
| 10:30 | queue | Villager (Male) |
| 10:32 | Build | House |
| 10:32 | Build | House |
| 10:45 | Build | House |
| 10:52 | Build | Farm |
| 11:01 | queue | Villager (Male) |
| 11:06 | Build | Farm |
| 11:15 | queue | Villager (Male) |
| 11:17 | Build | Palisade Wall |
| 11:17 | Build | Palisade Wall |
| 11:18 | Build | Palisade Wall |
| 11:19 | Build | Palisade Wall |
| 11:20 | Build | Palisade Wall |
| 11:21 | Build | Palisade Wall |
| 11:27 | queue | Archer |
| 11:34 | Build | Farm |
| 11:41 | queue | Villager (Male) |
| 11:56 | queue | Archer |
| 12:02 | queue | Villager (Male) |
| 12:11 | queue | Villager (Male) |
| 12:12 | queue | Archer |
| 12:49 | queue | Villager (Male) |
| 12:49 | queue | Villager (Male) |
| 12:54 | queue | Villager (Male) |
| 12:55 | Build | Blacksmith |
| 12:57 | Build | Farm |
| 13:07 | Build | Watch Tower |
| 13:12 | queue | Villager (Male) |
| 13:16 | queue | Archer |
| 13:19 | Build | House |
| 13:24 | Build | Farm |
| 13:37 | queue | Villager (Male) |
| 13:45 | Build | Palisade Wall |
| 13:48 | Build | Farm |
| 13:49 | Build | Farm |
| 14:13 | queue | Villager (Male) |
| 14:32 | Research | Fletching |
| 14:39 | Build | Lumber Camp |
| 14:42 | queue | Skirmisher |
| 14:47 | Build | Outpost |
| 14:54 | Build | Palisade Wall |
| 15:03 | Build | Palisade Wall |
| 15:11 | queue | Villager (Male) |
| 15:11 | queue | Villager (Male) |
| 15:12 | Build | Farm |
| 15:16 | Build | Farm |
| 15:17 | Build | Farm |
| 15:22 | queue | Skirmisher |
| 15:29 | Build | House |
| 15:31 | Build | Palisade Wall |
| 15:31 | Build | Palisade Wall |
| 15:39 | Build | House |
| 15:40 | queue | Villager (Male) |
| 15:56 | queue | Villager (Male) |
| 15:57 | Build | Farm |
| 16:00 | Research | Double-Bit Axe |
| 16:03 | Build | Outpost |
| 16:04 | queue | Archer |
| 16:05 | queue | Villager (Male) |
| 16:05 | queue | Villager (Male) |
| 16:17 | queue | Villager (Male) |
| 16:22 | Build | House |
| 16:23 | queue | Villager (Male) |
| 16:23 | queue | Villager (Male) |
| 16:29 | Build | Mining Camp |
| 16:41 | Build | Mining Camp |
| 16:44 | queue | Skirmisher |
| 17:03 | Build | Palisade Wall |
| 17:12 | queue | Skirmisher |
| 17:20 | queue | Villager (Male) |
| 17:24 | queue | Archer |
| 17:27 | Build | Palisade Wall |
| 17:29 | Build | Palisade Wall |
| 17:33 | queue | Villager (Male) |
| 17:33 | queue | Skirmisher |
| 17:35 | Build | Farm |
| 17:36 | Build | Farm |
| 17:40 | Build | Watch Tower |
| 17:42 | queue | Villager (Male) |
| 17:47 | queue | Skirmisher |
| 17:48 | queue | Villager (Male) |
| 18:07 | queue | Villager (Male) |
| 18:08 | queue | Villager (Male) |
| 18:08 | Build | Market |
| 18:16 | queue | Villager (Male) |
| 18:19 | Research | Horse Collar |
| 18:21 | Build | House |
| 18:23 | queue | Villager (Male) |
Match timeline
| 2:47 | DS_Biry · wall_segment Palisade Wall x1 |
| 2:48 | DS_Biry · wall_segment Palisade Wall x1 |
| 2:49 | DS_Biry · wall_segment Palisade Wall x1 |
| 3:22 | DS_Biry · first_building Barracks |
| 4:44 | OS+ | NeoZz · wall_segment Palisade Wall x1 |
| 5:04 | OS+ | NeoZz · wall_segment Palisade Wall x1 |
| 5:05 | OS+ | NeoZz · wall_segment Palisade Wall x1 |
| 5:05 | OS+ | NeoZz · wall_segment Palisade Wall x1 |
| 5:28 | OS+ | NeoZz · wall_segment Palisade Wall x1 |
| 5:28 | OS+ | NeoZz · wall_segment Palisade Wall x1 |
| 5:29 | OS+ | NeoZz · wall_segment Palisade Wall x1 |
| 5:54 | OS+ | NeoZz · first_building Barracks |
| 5:58 | OS+ | NeoZz · wall_segment Palisade Wall x1 |
| 5:59 | OS+ | NeoZz · wall_segment Palisade Wall x1 |
| 5:59 | OS+ | NeoZz · wall_segment Palisade Wall x1 |
| 6:20 | DS_Biry · wall_segment Palisade Wall x2 |
| 6:31 | DS_Biry · wall_segment Palisade Wall x1 |
| 6:31 | DS_Biry · wall_segment Palisade Wall x1 |
| 6:32 | DS_Biry · wall_segment Palisade Wall x1 |
| 6:32 | DS_Biry · wall_segment Palisade Wall x2 |
| 6:32 | DS_Biry · wall_segment Palisade Wall x2 |
| 6:32 | DS_Biry · wall_segment Palisade Wall x1 |
| 6:33 | DS_Biry · wall_segment Palisade Wall x1 |
| 6:33 | DS_Biry · wall_segment Palisade Wall x1 |
| 6:33 | DS_Biry · wall_segment Palisade Wall x1 |
| 6:34 | DS_Biry · wall_segment Palisade Wall x1 |
| 8:13 | DS_Biry · wall_segment Palisade Wall x1 |
| 8:13 | DS_Biry · wall_segment Palisade Wall x1 |
| 8:18 | DS_Biry · wall_segment Palisade Wall x1 |
| 8:18 | DS_Biry · wall_segment Palisade Wall x1 |
| 8:19 | DS_Biry · wall_segment Palisade Wall x2 |
| 8:19 | DS_Biry · wall_segment Palisade Wall x1 |
| 8:19 | DS_Biry · wall_segment Palisade Wall x2 |
| 8:20 | DS_Biry · wall_segment Palisade Wall x2 |
| 8:20 | DS_Biry · wall_segment Palisade Wall x2 |
| 8:20 | DS_Biry · wall_segment Palisade Wall x2 |
| 8:20 | DS_Biry · wall_segment Palisade Wall x1 |
| 9:15 | OS+ | NeoZz · age_up feudal |
| 9:33 | DS_Biry · wall_segment Palisade Wall x1 |
| 9:45 | DS_Biry · wall_segment Palisade Wall x1 |
| 9:46 | DS_Biry · wall_segment Palisade Wall x1 |
| 10:06 | DS_Biry · wall_segment Palisade Wall x1 |
| 10:07 | DS_Biry · wall_segment Palisade Wall x1 |
| 10:09 | DS_Biry · wall_segment Palisade Wall x1 |
| 10:11 | DS_Biry · wall_segment Palisade Wall x1 |
| 10:12 | DS_Biry · wall_segment Palisade Wall x1 |
| 10:20 | DS_Biry · wall_segment Palisade Wall x1 |
| 10:21 | DS_Biry · wall_segment Palisade Wall x1 |
| 10:22 | DS_Biry · wall_segment Palisade Wall x1 |
| 10:23 | DS_Biry · wall_segment Palisade Wall x1 |
| 10:24 | OS+ | NeoZz · first_building Archery Range |
| 10:41 | DS_Biry · wall_segment Palisade Wall x1 |
| 11:13 | DS_Biry · age_up feudal |
| 11:17 | OS+ | NeoZz · wall_segment Palisade Wall x1 |
| 11:17 | OS+ | NeoZz · wall_segment Palisade Wall x1 |
| 11:18 | OS+ | NeoZz · wall_segment Palisade Wall x1 |
| 11:19 | OS+ | NeoZz · wall_segment Palisade Wall x1 |
| 11:20 | OS+ | NeoZz · wall_segment Palisade Wall x1 |
| 11:21 | OS+ | NeoZz · wall_segment Palisade Wall x1 |
| 11:22 | DS_Biry · first_building Archery Range |
| 12:15 | DS_Biry · wall_segment Palisade Wall x1 |
| 12:58 | DS_Biry · wall_segment Palisade Wall x1 |
| 12:59 | DS_Biry · wall_segment Palisade Wall x1 |
| 12:59 | DS_Biry · wall_segment Palisade Wall x1 |
| 13:00 | DS_Biry · wall_segment Palisade Wall x1 |
| 13:45 | OS+ | NeoZz · wall_segment Palisade Wall x1 |
| 14:54 | OS+ | NeoZz · wall_segment Palisade Wall x1 |
| 15:03 | OS+ | NeoZz · wall_segment Palisade Wall x1 |
| 15:31 | OS+ | NeoZz · wall_segment Palisade Wall x1 |
| 15:31 | OS+ | NeoZz · wall_segment Palisade Wall x1 |
| 16:50 | DS_Biry · wall_segment Palisade Wall x1 |
| 17:03 | OS+ | NeoZz · wall_segment Palisade Wall x1 |
| 17:27 | OS+ | NeoZz · wall_segment Palisade Wall x1 |
| 17:29 | OS+ | NeoZz · wall_segment Palisade Wall x1 |
| 18:42 | OS+ | NeoZz · wall_segment Palisade Wall x6 |
| 19:44 | OS+ | NeoZz · wall_segment Stone Wall x1 |
| 19:45 | OS+ | NeoZz · wall_segment Stone Wall x1 |
| 21:15 | DS_Biry · wall_segment Palisade Wall x2 |
| 21:32 | OS+ | NeoZz · wall_segment Stone Wall x1 |
| 21:46 | DS_Biry · wall_segment Palisade Wall x7 |
| 21:47 | OS+ | NeoZz · wall_segment Stone Wall x1 |
| 22:24 | OS+ | NeoZz · first_market_buy 100 food |
| 22:54 | DS_Biry · first_market_buy 100 food |
| 22:58 | OS+ | NeoZz · first_market_sell 100 stone |
| 24:43 | DS_Biry · first_building Stable |
| 25:38 | OS+ | NeoZz · age_up castle |
| 26:34 | DS_Biry · age_up castle |
| 26:48 | OS+ | NeoZz · first_building Monastery |
| 27:15 | OS+ | NeoZz · wall_segment Stone Wall x1 |
| 27:17 | OS+ | NeoZz · wall_segment Stone Wall x1 |
| 27:25 | OS+ | NeoZz · wall_segment Stone Wall x1 |
| 28:01 | DS_Biry · first_market_sell 100 wood |
| 30:31 | DS_Biry · first_building Monastery |
| 31:17 | OS+ | NeoZz · first_building Castle |
| 31:22 | DS_Biry · first_building Siege Workshop |
| 34:45 | DS_Biry · first_building Castle |
| 44:31 | DS_Biry · resign |
[ AI ANALYSIS · 1 CREDIT ]
What really happened in this match?
Wolo.gg analyzes every decision: build order, eco, micro, common mistakes by bracket. Personalized analysis on WhatsApp or Discord in 30 seconds.
Civ guide
Civ #60
Perfil
Jugador #12952693